 Dungeon Crawl Stone Soup version 0.23.2-1-ga50397a (webtiles) character file.

Game seed: 11307923848615544559

3708 whitewolfNL the Grappler (level 9, -5/88 HPs)
             Began as a Troll Berserker on May 8, 2019.
             Was a High Priest of Trog.
             Slain by an eight-headed hydra (7 damage)
             ... on level 6 of the Dungeon.
             The game lasted 00:22:10 (5165 turns).

whitewolfNL the Grappler (Troll Berserker)          Turns: 5165, Time: 00:22:11

Health: -5/88      AC:  8    Str: 31    XL:     9   Next: 91%
Magic:  8/8        EV: 10    Int:  3    God:    Trog [*****.]
Gold:   290        SH: 12    Dex: 12    Spells: 8/8 levels left

rFire    . . .     SeeInvis .     - Unarmed
rCold    . . .     Gourm    +   y - +2 shield
rNeg     . . .     Faith    .   M - +0 robe
rPois    .         Spirit   .   (helmet restricted)
rElec    .         Reflect  .   (no cloak)
rCorr    .         Harm     .   (gloves unavailable)
MR       .....                  (boots unavailable)
Stlth    ++........             (no amulet)
HPRegen  0.64/turn              q - +4 ring of strength
MPRegen  0.11/turn              F - +2 ring of protection

@: no status effects
A: large, unfitting armour, claws 3, fast metabolism 3, gourmand, regeneration
1, shaggy fur 1, tough skin 3
a: Berserk, Trog's Hand, Brothers in Arms, Renounce Religion


You were on level 6 of the Dungeon.
You worshipped Trog.
Trog was extremely pleased with you.
You were completely stuffed.

You visited 1 branch of the dungeon, and saw 7 of its levels.

You collected 290 gold pieces.

Inventory:

Hand Weapons
 N - a +0 blowgun
Missiles
 c - 59 poisoned needles
 d - 320 stones (quivered)
 e - 85 sling bullets
 p - 50 arrows
 u - 6 tomahawks
 I - a throwing net
Armour
 y - a +2 shield (worn)
 H - a +0 robe
 M - a +0 robe (worn)
 O - a scarf of cloud immunity
Jewellery
 q - a +4 ring of strength (left claw)
 w - a +3 amulet of reflection
 F - a +2 ring of protection (right claw)
Scrolls
 a - 3 scrolls of magic mapping {unknown}
 f - 7 scrolls of remove curse {unknown}
 g - 2 scrolls of enchant armour {unknown}
 i - a scroll of fear {unknown}
 k - 4 scrolls of identify
 l - 3 scrolls of teleportation
 o - a scroll of blinking {unknown}
 r - 2 scrolls of amnesia {unknown}
 E - a scroll of noise {unknown}
 G - a scroll of random uselessness {unknown}
 J - a scroll of acquirement {unknown}
 K - 2 scrolls of vulnerability {unknown}
 L - 2 scrolls of enchant weapon {unknown}
Potions
 h - 2 potions of brilliance {unknown}
 j - a potion of agility {unknown}
 m - 2 potions of flight {unknown}
 n - 2 potions of magic {unknown}
 s - 4 potions of haste {unknown}
 v - 2 potions of mutation {unknown}
 x - 2 potions of degeneration {unknown}
 z - a potion of lignification {unknown}
 A - a potion of might {unknown}
 B - 2 potions of heal wounds {unknown}
 C - 2 potions of curing {unknown}
 D - a potion of resistance
Comestibles
 b - 19 rations
 t - 4 chunks of flesh


   Skills:
 * Level 5.2 Fighting
 * Level 4.8 Throwing
 + Level 4.7 Dodging
 - Level 2.0 Stealth
 - Level 4.6 Shields
 + Level 9.0 Unarmed Combat


You had 8 spell levels left.
You didn't know any spells.
Your spell library was empty.

Dungeon Overview and Level Annotations

Branches:
Dungeon (7/15)             Temple (0/1) D:7

Altars:


Innate Abilities, Weirdness & Mutations

You are too large for most types of armour.
You have claws for hands.
Your metabolism is lightning-fast.
You like to eat raw meat.
Your natural rate of healing is unusually fast.
You are covered in fur. (AC +1)
You have extremely tough skin. (AC +3)


Message History

The eight-headed hydra barely misses you.
You block the eight-headed hydra's attack.
The eight-headed hydra bites you!
* * * LOW HITPOINT WARNING * * *
You climb upwards.
There is a stone staircase leading down here.
Unknown command.
As you read the scroll labeled KOAPRU VUET, it crumbles to dust.
It is a scroll of identify.
l - 3 scrolls of teleportation You block the eight-headed hydra's attack.
The eight-headed hydra bites you but does no damage.
You block the eight-headed hydra's attack.
The eight-headed hydra bites you.
* * * LOW HITPOINT WARNING * * *
The eight-headed hydra bites you.
* * * LOW HITPOINT WARNING * * *
The eight-headed hydra completely misses you.
The eight-headed hydra bites you!
You die...

#....# #.... #....#
#.... #....######
#.... #.........#
#.... ##.##..##.#
#....
####.##...#.#######.
#....#....#....# #รท
#.####.##.####.####.
#.#@................
###.D.................
#...#.....#+##.######.
#..............# #.
#............### ##
#..:.........#
#............#########
#.....................
#.).##################


You could see an eight-headed hydra.

Vanquished Creatures
  Harold (D:7)
  Eustachio (D:5)
  Menkaure (D:5)
  3 orc warriors (D:7)
  3 ice beasts
  A phantom (D:5)
  7 ogres
  3 centaurs
  2 bullfrogs (D:7)
  2 scorpions
  A crimson imp (D:7)
  3 bullfrog zombies
  A quasit (D:5)
  6 orc priests
  3 orc wizards
  3 hounds
  2 bullfrog skeletons
  An iguana (D:7)
  5 worker ants
  2 hound skeletons
  Robin (D:2)
  3 gnolls (D:4)
  6 adders
  An ooze (D:2)
  An adder skeleton (D:5)
  5 worms
  11 leopard geckos
  38 orcs
  6 giant cockroaches
  11 goblins
  5 hobgoblins
  15 jackals
  A quokka (D:6)
  A ball python (D:2)
  12 bats
  5 frilled lizards
  8 kobolds
  9 rats
190 creatures vanquished.

Notes
Turn   | Place    | Note
-------+----------+-------------------------------------------
     0 | D:1      | whitewolfNL the Troll Berserker began the quest for the
                  | Orb.
     0 | D:1      | Reached XP level 1. HP: 22/22 MP: 0/0
   390 | D:1      | Reached XP level 2. HP: 29/29 MP: 1/1
   936 | D:2      | Reached XP level 3. HP: 33/36 MP: 2/2
  1053 | D:2      | Reached ** piety under Trog
  1113 | D:2      | Noticed a scorpion
  1132 | D:2      | Killed a scorpion
  1132 | D:2      | Reached skill level 1 in Throwing
  1132 | D:2      | Reached XP level 4. HP: 45/45 MP: 3/3
  1355 | D:2      | Noticed Robin
  1367 | D:2      | Killed Robin
  1367 | D:2      | Reached skill level 4 in Unarmed Combat
  1464 | D:2      | Found a faded altar of an unknown god.
  1610 | D:3      | Reached XP level 5. HP: 53/53 MP: 4/4
  1902 | D:3      | Reached *** piety under Trog
  1938 | D:3      | Reached skill level 1 in Stealth
  1964 | D:3      | Reached XP level 6. HP: 55/61 MP: 5/5
  2460 | D:4      | Reached skill level 5 in Unarmed Combat
  2693 | D:4      | Reached **** piety under Trog
  2750 | D:4      | Reached XP level 7. HP: 67/67 MP: 6/6
  2984 | D:5      | Entered Level 5 of the Dungeon
  3161 | D:5      | Noticed Eustachio
  3164 | D:5      | Reached skill level 6 in Unarmed Combat
  3164 | D:5      | Noticed Menkaure
  3170 | D:5      | Killed Eustachio
  3170 | D:5      | Reached skill level 1 in Shields
  3182 | D:5      | Killed Menkaure
  3182 | D:5      | Reached XP level 8. HP: 26/78 MP: 7/7
  3406 | D:5      | Reached skill level 7 in Unarmed Combat
  4057 | D:6      | Reached XP level 9. HP: 61/85 MP: 8/8
  4132 | D:6      | Reached ***** piety under Trog
  4277 | D:7      | Found a staircase to the Ecumenical Temple.
  4287 | D:7      | Reached skill level 8 in Unarmed Combat
  4755 | D:7      | Noticed an eight-headed hydra
  4996 | D:7      | Noticed Harold
  5005 | D:7      | Killed Harold
  5005 | D:7      | Reached skill level 5 in Fighting
  5113 | D:7      | Reached skill level 9 in Unarmed Combat
  5165 | D:6      | HP: 2/88 [eight-headed hydra (6)]
  5165 | D:6      | Slain by an eight-headed hydra

Skill      XL: |  1  2  3  4  5  6  7  8  9 |
---------------+----------------------------+-----
Fighting       | 3 4 5 |  5.2
Throwing       | 1 2 3 4 |  4.8
Unarmed Combat | 4 5 6 7 9 |  9.0
Dodging        | 3 4 |  4.7
Stealth        | 1 2 |  2.0
Shields        | 1 2 4 |  4.6

Action                   |  1- 3 |  4- 6 |  7- 9 || total
-------------------------+-------+-------+-------++-------
Melee: Unarmed           |    80 |   176 |   223 ||   479
       Punch             |       |     4 |     1 ||     5
Invok: Berserk           |     1 |     7 |     8 ||    16
  Use: Scroll            |       |       |     1 ||     1
 Stab: Sleeping          |     1 |       |     6 ||     7
  Eat: Chunk             |    16 |    22 |    30 ||    68
Armor: Robe              |    52 |    82 |    49 ||   183
       Animal skin       |     8 |       |       ||     8
Dodge: Dodged            |    51 |   121 |    64 ||   236
Block: Shield            |       |       |   141 ||   141
